Map: Ulrena

Players

thorin - Winner!

  • Race: Zerg Zerg
  • Spawn Location: 11:00

A.I. 1 (Elite)

  • Race: Protoss Protoss
  • Spawn Location: 7:00

VOD

Have the link to the VOD?

Description

Time

  • Played on: Dec. 11, 2016, 12:35 a.m.
  • Length: 14:42
Show
View Real Time Build Order
Export as new Build Order

thorin Zerg - Winner!

Build Orders: Pool First 

Get SALT Encoding   

  12  0:03  Drone  
  13  0:15  Drone  
  13  0:20  Extractor x2, Drone  
  13  0:22  Drone  
  16  0:37  Spawning Pool  
  15  0:44  Overlord  
  15  1:03  Drone x3  
  18  1:18  Hatchery  
  17  1:25  Zergling x2  
  18  1:27  Zergling x2  
  19  1:34  Queen  
  19  1:38  Zergling x2  
  22  1:49  Overlord  
  22  1:55  Extractor  
  21  2:02  Zergling x2  
  19  2:38  Drone  
  19  2:39  Queen  
  22  2:47  Drone  
  22  2:48  Drone x2  
  22  2:50  Queen  
  27  2:57  Extractor, Drone x2  
  28  3:03  Drone  
  29  3:06  Drone  
  29  3:07  Hatchery  
  29  3:14  Drone x3  
  29  3:18  Drone  
  33  3:27  Drone x3  
  34  3:34  Metabolic Boost  
  36  3:44  Overlord  
  36  3:48  Lair  
  36  3:58  Baneling Nest  
  35  4:04  Drone  
  35  4:05  Drone x3  
  35  4:07  Drone x3  
  42  4:11  Drone  
  43  4:24  Extractor  
  43  4:26  Queen  
  43  4:29  Drone  
  45  4:32  Drone  
  45  4:33  Drone x4  
  45  4:35  Overlord  
  45  4:38  Overlord  
  50  4:46  Centrifical Hooks  
  50  4:55  Zergling x14  
  50  4:59  Drone  
  58  5:09  Drone  
  58  5:10  Drone x5  
  64  5:15  Overlord  
  64  5:19  Burrow  
  64  5:21  Pneumatized Carapace  
  64  5:28  Drone  
  64  5:29  Infestation Pit, Drone x2  
  66  5:36  Zergling x2  
  66  5:37  Zergling x8  
  66  5:39  Baneling x8  
  71  5:56  Zergling x2  
  71  5:57  Zergling x4  
  74  5:58  Overlord  
  74  5:59  Overlord  
  74  6:10  Hive  
  74  6:16  Zergling x2  
  74  6:17  Zergling x18  
  84  6:32  Evolution Chamber  
  84  6:33  Evolution Chamber  
  84  6:34  Evolution Chamber  
  84  6:38  Overlord x4  
  81  6:40  Zergling x14  
  67  7:04  Zergling x20  
  67  7:05  Zergling x8  
  67  7:07  Baneling x13  
  76  7:12  Extractor  
  76  7:15  Extractor  
  74  7:17  Zerg Melee Weapons Level 1  
  74  7:18  Zerg Missile Weapons Level 1  
  74  7:26  Adrenal Glands  
  74  7:38  Zergling x16  
  82  7:45  Drone x6  
  82  7:46  Drone  
  82  7:50  Extractor  
  88  7:55  Hatchery  
  88  7:56  Zerg Ground Armor Level 1  
  87  8:02  Hydralisk Den  
  86  8:08  Roach Warren  
  85  8:30  Drone  
  85  8:31  Drone x7  
  93  8:34  Hatchery  
  92  8:47  Roach x4  
  92  8:48  Roach x5  
  110  8:49  Glial Reconstitution  
  87  10:03  Zergling x10, Hydralisk  
  87  10:04  Hydralisk x20  
  134  10:10  Muscular Augments  
  134  10:12  Zerg Melee Weapons Level 2, Zerg Missile Weapons Level 2  
  134  10:21  Baneling  
  134  10:22  Baneling x11  
  134  10:29  Overlord  
  134  10:30  Overlord x2  
  134  10:32  Overlord  
  128  11:11  Roach x2  
  128  11:12  Roach  
  128  11:24  Roach  
  128  11:25  Roach  
  128  11:26  Roach x2  
  128  11:38  Roach  
  128  11:41  Roach  
  127  12:01  Zergling x4, Roach  
  127  12:02  Zergling x32  
  144  12:13  Roach  
  144  12:16  Roach  
  144  12:25  Overseer  
  144  12:27  Overseer x5  
  144  12:45  Tunneling Claws  
  144  12:53  Drone  
  144  12:54  Roach x8, Drone x6  
  144  12:55  Drone x2  
  153  13:28  Roach  
  153  13:32  Roach  
  153  13:33  Roach  
  153  13:36  Roach  
  153  13:38  Roach  
  153  13:50  Roach x7  
Show
View Real Time Build Order
Export as new Build Order

A.I. 1 (Elite) Protoss 

Build Orders: Zealot Archon 

Get SALT Encoding   

  12  0:01  Probe (Chrono Boost)  
  13  0:11  Probe (Chrono Boost)  
  14  0:20  Pylon  
  14  0:22  Probe (Chrono Boost)  
  15  0:38  Probe (Chrono Boost)  
  16  0:47  Assimilator  
  16  0:49  Probe (Chrono Boost)  
  17  0:51  Gateway  
  17  0:59  Probe (Chrono Boost)  
  17  1:02  Pylon  
  18  1:10  Probe (Chrono Boost)  
  19  1:20  Probe (Chrono Boost)  
  20  1:31  Probe (Chrono Boost)  
  21  1:34  Assimilator  
  21  1:35  Zealot  
  23  1:40  Cybernetics Core  
  23  1:42  Probe (Chrono Boost)  
  25  1:54  Probe (Chrono Boost)  
  25  2:01  Zealot  
  25  2:05  Probe (Chrono Boost)  
  28  2:17  Probe (Chrono Boost)  
  27  2:26  Warp Gate  
  27  2:29  Pylon  
  27  2:32  Twilight Council  
  27  2:33  Gateway  
  27  2:35  Zealot  
  29  2:57  Adept  
  29  3:02  Gateway  
  31  3:13  Gateway  
  31  3:16  Adept  
  33  3:26  Stalker  
  33  3:33  Pylon  
  36  3:35  Probe (Chrono Boost)  
  36  3:45  Stalker  
  36  3:46  Adept  
  36  3:47  Probe (Chrono Boost)  
  39  3:52  Adept  
  41  4:01  Templar Archives  
  43  4:14  Stalker  
  45  4:20  Pylon  
  45  4:38  Stalker, High Templar  
  49  4:39  High Templar  
  49  4:40  Pylon  
  51  4:54  Archon  
  51  4:55  Sentry  
  51  4:59  Zealot  
  55  5:04  Pylon  
  55  5:08  Nexus  
  55  5:23  High Templar  
  57  5:51  High Templar  
  59  5:58  Forge  
  59  5:59  Stalker  
  61  6:05  Archon  
  61  6:15  Pylon  
  61  6:21  Probe x2 (Chrono Boost)  
  63  6:29  High Templar  
  63  6:32  Probe (Chrono Boost)  
  67  6:33  Probe (Chrono Boost), Assimilator  
  67  6:36  Assimilator  
  67  6:43  Probe (Chrono Boost)  
  67  6:44  Probe (Chrono Boost)  
  69  6:51  Zealot x3  
  74  6:55  Probe (Chrono Boost)  
  74  6:56  Probe (Chrono Boost)  
  74  6:59  Zealot, Nexus  
  55  7:06  Probe (Chrono Boost)  
  53  7:09  Probe (Chrono Boost)  
  53  7:10  High Templar  
  55  7:16  High Templar  
  55  7:18  Probe (Chrono Boost)  
  55  7:20  Probe (Chrono Boost), Stalker  
  61  7:29  Sentry  
  64  7:30  Probe (Chrono Boost)  
  64  7:31  Probe (Chrono Boost), Archon  
  65  7:41  Probe (Chrono Boost)  
  65  7:42  Probe (Chrono Boost)  
  65  7:44  High Templar  
  69  7:53  Probe (Chrono Boost)  
  69  7:54  Probe (Chrono Boost)  
  69  7:58  High Templar  
  73  8:00  Adept  
  73  8:04  Probe (Chrono Boost)  
  77  8:06  Probe (Chrono Boost)  
  77  8:11  Probe (Chrono Boost)  
  77  8:12  Robotics Facility  
  78  8:15  Probe (Chrono Boost)  
  78  8:17  Probe (Chrono Boost)  
  78  8:19  Assimilator, Archon  
  80  8:21  Assimilator  
  80  8:23  Probe (Chrono Boost)  
  80  8:24  High Templar  
  80  8:26  Probe (Chrono Boost)  
  84  8:28  Probe (Chrono Boost)  
  84  8:34  Probe (Chrono Boost)  
  86  8:36  Forge  
  86  8:38  Probe x2 (Chrono Boost), High Templar  
  90  8:45  Probe (Chrono Boost)  
  90  8:48  Stalker  
  94  8:49  Probe (Chrono Boost)  
  94  8:50  Probe (Chrono Boost)  
  94  8:51  Stalker  
  94  8:55  Pylon, Stalker  
  100  8:56  Probe (Chrono Boost)  
  100  9:00  Observer  
  100  9:01  Probe x2 (Chrono Boost), Archon  
  103  9:07  Probe (Chrono Boost)  
  103  9:08  Stalker  
  106  9:10  High Templar  
  106  9:13  Probe (Chrono Boost)  
  106  9:14  Probe (Chrono Boost)  
  106  9:16  Pylon  
  110  9:17  Zealot, High Templar  
  110  9:19  Probe (Chrono Boost)  
  116  9:24  Probe (Chrono Boost)  
  116  9:29  Nexus  
  116  9:31  Sentry, Archon  
  117  9:32  Probe x2 (Chrono Boost)  
  117  9:36  Probe (Chrono Boost), High Templar  
  89  9:42  Adept  
  81  9:48  Stalker  
  81  9:52  Adept  
  81  9:55  Probe x3 (Chrono Boost)  
  64  10:00  Zealot  
  64  10:05  Stalker  
  64  10:06  Probe x2 (Chrono Boost)  
  65  10:09  Sentry  
  65  10:10  Zealot  
  66  10:18  Probe (Chrono Boost)  
  66  10:20  Zealot  
  68  10:27  Stalker  
  70  10:30  High Templar  
  72  10:40  Stalker  
  72  10:42  Probe (Chrono Boost)  
  75  10:44  Probe (Chrono Boost)  
  75  10:47  Zealot  
  75  10:49  High Templar  
  55  10:57  Nexus  
  55  10:59  Adept, Archon  
  55  11:02  High Templar  
  57  11:09  High Templar  
  47  11:19  Stalker  
  47  11:23  Zealot  
  45  11:32  Adept  
  45  11:38  Stalker  
  43  11:42  Stalker  
  41  11:47  Zealot  
  38  12:09  High Templar  
  38  12:14  Adept  
  38  12:15  Archon  
  29  12:43  High Templar  
  29  12:44  Zealot  
  29  13:11  High Templar  
  31  13:15  Adept  
  31  13:17  Probe (Chrono Boost), Zealot  
  35  13:26  Stalker  
  37  13:31  Probe (Chrono Boost)  
  37  13:32  Probe (Chrono Boost)  
  33  13:34  Stalker, Archon  
  31  13:42  Probe (Chrono Boost)  
  31  13:43  Probe (Chrono Boost)  
  31  13:45  Nexus  
  11  14:13  High Templar  
Tags
 
Composition
Zealot Archon
Matchup
PvZ
Opening
Pool First
Spawn Locations
Close Positions
Add a new tag
Caveats
  • Supply blocks, unpowered buildings, or Contaminate may cause inaccurate times.
  • Supply counts are checked every 10 seconds.